 Dungeon Crawl Stone Soup version 0.20.1-1-g8b1a95d (webtiles) character file.

166 greenice the Slasher (level 5, -2/45 HPs)
             Began as a Minotaur Fighter on Sept 11, 2017.
             Slain by Blork the orc
             ... wielding a +2 hand axe of flaming
              (3 damage)
             ... on level 4 of the Dungeon on Sept 13, 2017.
             The game lasted 00:09:40 (2940 turns).

greenice the Slasher (Minotaur Fighter)             Turns: 2940, Time: 00:09:41

Health: -2/45      AC:  8    Str: 20    XL:     5   Next: 22%
Magic:  4/4        EV:  7    Int:  5    God:
Gold:   114        SH:  9    Dex: 11    Spells: 4/4 levels left

rFire    . . .     SeeInvis .   a - +0 long sword
rCold    . . .     Gourm    .   c - +0 shield
rNeg     . . .     Faith    .   b - +0 scale mail
rPois    .         Spirit   .   (helmet restricted)
rElec    .         Reflect  .   (no cloak)
rCorr    .         Harm     .   (no gloves)
MR       .....                  t - +0 pair of boots
Stlth    ..........             (no amulet)
Regen    0.2/turn               (no ring)
MPRegen  0.1/turn               (no ring)

@: no status effects
A: retaliatory headbutt, horns 2
a: no special abilities


You were on level 4 of the Dungeon.
You were hungry.

You visited 1 branch of the dungeon, and saw 4 of its levels.

You collected 114 gold pieces.

Inventory:

Hand Weapons
 a - a +0 long sword (weapon)
Armour
 b - a +0 scale mail (worn)
 c - a +0 shield (worn)
 t - a +0 pair of boots (worn)
Jewellery
 n - an uncursed amulet of magic regeneration {unknown}
Scrolls
 d - a scroll of remove curse {unknown}
 e - 2 scrolls of teleportation {unknown}
 i - 2 scrolls of enchant armour {unknown}
 j - 3 scrolls of identify {unknown}
 k - a scroll of enchant weapon {unknown}
 l - a scroll of random uselessness {unknown}
 p - a scroll of noise {unknown}
 q - a scroll of magic mapping {unknown}
Potions
 m - a potion of brilliance
Comestibles
 f - 2 bread rations
 g - 2 royal jellies
 h - 2 chunks of flesh
 r - 2 meat rations


   Skills:
 - Level 3.6 Fighting
 + Level 6.6 Long Blades
 - Level 3.6 Armour
 - Level 3.6 Shields


You had 4 spell levels left.
You didn't know any spells.

Dungeon Overview and Level Annotations

Branches:
Dungeon (4/15)
 Temple: D:4-7

Altars:
Hepliaklqana

Annotations:
D:4 Blork the orc


Innate Abilities, Weirdness & Mutations

You reflexively headbutt those who attack you in melee.
You have a pair of horns on your head.


Message History

* * * LOW HITPOINT WARNING * * *
You block Blork the orc's attack.
You slash Blork the orc! Your headbutt misses Blork the orc.
Blork the orc is heavily wounded.
You block Blork the orc's attack.
Blork the orc hits you but does no damage.
You hit Blork the orc but do no damage.
Blork the orc is heavily wounded.
Blork the orc hits you with a hand axe of flaming.
* * * LOW HITPOINT WARNING * * *
Blork the orc burns you.
* * * LOW HITPOINT WARNING * * *
Unknown command.
You hit Blork the orc but do no damage. You headbutt Blork the orc!
Blork the orc is severely wounded.
You block Blork the orc's attack.
Blork the orc hits you with a hand axe of flaming!
* * * LOW HITPOINT WARNING * * *
Blork the orc burns you.
You die...

#.#.# #.##.# .# #.#.#
###.##.###.##.## #.#.#
##............... #.#.#
#...o.......#
#.#.###..#.##..........
#.......o..########....
###....oo### ...
######o# # #@#
#......(.. #..#######
#..# #..# #..# #..#
#..#


You could see Blork the orc and 3 orcs.

Vanquished Creatures
  Terence (D:2)
  6 adders
  2 oozes (D:2)
  3 worms
  2 dart slugs
  A leopard gecko (D:1)
  6 orcs
  6 giant cockroaches
  3 hobgoblins
  A quokka (D:2)
  6 bats
  3 frilled lizards
  9 goblins
  6 kobolds
  8 rats
63 creatures vanquished.

Notes
Turn   | Place    | Note
-------+----------+-------------------------------------------
     0 | D:1      | greenice the Minotaur Fighter began the quest for the Orb.
     0 | D:1      | Reached XP level 1. HP: 19/19 MP: 0/0
   130 | D:1      | Reached skill level 3 in Long Blades
   147 | D:1      | Reached XP level 2. HP: 20/26 MP: 1/1
   633 | D:1      | Reached skill level 4 in Long Blades
   801 | D:2      | Reached XP level 3. HP: 31/31 MP: 2/2
   839 | D:2      | Noticed Terence
   866 | D:2      | Killed Terence
   866 | D:2      | Reached skill level 5 in Long Blades
   866 | D:2      | Reached XP level 4. HP: 7/39 MP: 3/3
  1998 | D:3      | Reached skill level 6 in Long Blades
  2470 | D:3      | Reached XP level 5. HP: 45/45 MP: 4/4
  2670 | D:3      | Found a hazy altar of Hepliaklqana.
  2911 | D:4      | Noticed Blork the orc
  2940 | D:4      | HP: 1/45 [Blork the orc/hand axe of flaming (9)]
  2940 | D:4      | Slain by Blork the orc

Skill      XL: |  1  2  3  4 |
---------------+-------------+-----
Long Blades    | 3 4 5 6 |  6.6
Fighting       | |  3.6
Armour         | |  3.6
Shields        | |  3.6

Action                   |  1- 3 |  4- 6 || total
-------------------------+-------+-------++-------
Melee: Long sword        |    66 |   112 ||   178
       Headbutt          |     9 |    21 ||    30
  Use: Potion            |     1 |     4 ||     5
  Eat: Chunk             |       |     6 ||     6
Armor: Scale mail        |    22 |    40 ||    62
Dodge: Dodged            |    18 |    22 ||    40
Block: Shield            |    33 |    45 ||    78
       Rpst.: Long sword |     6 |     7 ||    13
